 Dungeon Crawl Stone Soup version 0.29-a0-275-g389c0b56f3 (webtiles) character file.

Game seed: 11992738402773511734

12189 ders the Geomancer (level 11, -4/54 HPs)
             Began as a Gargoyle Earth Elementalist on Mar 10, 2022.
             Was a Believer of Vehumet.
             Slain by a yak (6 damage)
             ... on level 10 of the Dungeon on Mar 11, 2022.
             The game lasted 00:16:50 (13170 turns).

ders the Geomancer (Gargoyle Earth Elementalist)   Turns: 13170, Time: 00:16:51

Health: -4/54      AC: 12    Str: 20    XL:     11   Next: 89%
Magic:  7/34       EV: 11    Int: 20    God:    Vehumet [**....]
Gold:   1496       SH:  5    Dex:  8    Spells: 23/30 levels left

rFire   x . .      SeeInvis .   l - +6 glaive "Ekhloo Xexko" {vamp, rElec rF- Will+}
rCold   + . .      Faith    .   (shield currently unavailable)
rNeg    + . .      Spirit   .   b - +0 robe
rPois   ∞          Reflect  +   (no helmet)
rElec   +          Harm     .   (no cloak)
rCorr   .          Rampage  +   k - +1 pair of gloves
Will    +....                   (no boots)
Stlth   ++........              i - amulet of Hikhan {Reflect Rampage MP+9 Str+8 Dex-2 SH+5}
HPRegen 0.18/turn               s - ring of wizardry
MPRegen 0.24/turn               h - ring of protection from cold

@: no status effects
A: sickness immunity, AC +8, negative energy resistance 1, electricity
resistance, torment resistance 1, petrification resistance
a: Renounce Religion


You were on level 10 of the Dungeon.
You worshipped Vehumet.
Vehumet was pleased with you.
You visited 3 branches of the dungeon, and saw 12 of its levels.
You also visited: Sewer.

You collected 1496 gold pieces.

Inventory:

Hand Weapons
 l - the +6 glaive "Ekhloo Xexko" (weapon) {vamp, rElec rF- Will+}
   (You found it on level 7 of the Dungeon)

   It occasionally heals its wielder for a portion of the damage dealt when it
   wounds a living foe.
   rF:        It makes you vulnerable to fire.
   rElec:     It insulates you from electricity.
   Will:      It increases your willpower.
 w - a +1 dagger of freezing
Missiles
 a - 213 stones
 x - 3 throwing nets
Armour
 b - a +0 robe (worn)
 k - a +1 pair of gloves (worn)
Magical Staves
 C - a staff of fire
Jewellery
 e - a ring of positive energy
 f - a ring of flight
 g - an amulet of reflection
 h - a ring of protection from cold (right hand)
 i - the amulet of Hikhan (around neck) {Reflect Rampage MP+9 Str+8 Dex-2 SH+5}
   (You found it on level 6 of the Dungeon)

   [amulet of reflection]

   It reflects blocked missile attacks.
   Str:       It affects your strength (+8).
   Dex:       It affects your dexterity (-2).
   MP:        It affects your magic capacity (+9).
   SH:        It affects your SH (+5).
   Rampage:   It bestows one free step when moving towards enemies.
 s - a ring of wizardry (left hand)
 y - the ring of Ecer Voy {rElec rF+ rCorr}
   (You found it on level 8 of the Dungeon)

   [ring of protection from fire]

   rF:        It protects you from fire.
   rElec:     It insulates you from electricity.
   rCorr:     It protects you from acid and corrosion.
 D - an amulet of magic regeneration
Scrolls
 j - 2 scrolls of holy word
 n - a scroll of brand weapon
 u - 5 scrolls of amnesia
 v - a scroll of teleportation
 A - a scroll of torment
Potions
 c - 4 potions of cancellation
 d - 2 potions of brilliance
 m - 4 potions of might
 o - a potion of mutation {unknown}
 q - a potion of attraction {unknown}
 r - 2 potions of lignification {unknown}
 t - a potion of invisibility {unknown}
 z - a potion of resistance {unknown}
 F - a potion of haste {unknown}


   Skills:
 - Level 1.5 Dodging
 - Level 2.1 Stealth
 + Level 10.2 Spellcasting
 + Level 11.7 Conjurations
 - Level 0.7 Transmutations
 + Level 13.3 Earth Magic


You had 23 spell levels left.
You knew the following spells:

 Your Spells              Type           Power      Damage    Failure   Level
a - Sandblast             Erth           100%       2d20      1%          1
b - Stone Arrow           Conj/Erth      100%       3d13      1%          3
c - Swiftness             Air            10%        N/A       9%          3

Your spell library contained the following spells:

 Spells                   Type           Power      Damage    Failure   Level
 Inner Flame              Hex/Fire       10%        N/A       9%          3
 Passwall                 Tmut/Erth      31%        N/A       1%          2
 Petrify                  Tmut/Erth      38%        N/A       1%          4
 Ensorcelled Hibernation  Hex/Ice        20%        N/A       4%          2


Dungeon Overview and Level Annotations

Branches:
Dungeon (10/15)            Temple (1/1) D:7            Lair (1/6) D:10
  Sewer (visited)
    Orc: D:9-12

Altars:
Ashenzari
Cheibriados
Dithmenos
Elyvilon
Fedhas
Gozag
Hepliaklqana
Kikubaaqudgha
Makhleb
Nemelex Xobeh
Okawaru
Qazlal
Ru
Sif Muna
Trog
Uskayaw
Vehumet
Wu Jian
Xom
Yredelemnul
Zin
The Shining One

Shops:
D:5 *


Innate Abilities, Weirdness & Mutations

You are immune to sickness and miasma.
Your stone body is resilient. (AC +8)
You are immune to poison.
You resist negative energy. (rN+)
You are resistant to electric shocks. (rElec)
You are resistant to unholy torment.
You are immune to petrification.


Message History

You feel much better. The yak gores you.
* * * LOW HITPOINT WARNING * * *
The yak gores you!
* * * LOW HITPOINT WARNING * * *
You feel better. The yak misses you. The yak gores you but does no damage.
The yak attacks as you move away! The yak gores you.
* * * LOW HITPOINT WARNING * * *
The yak barely misses you.
You feel better. The yak gores you!
* * * LOW HITPOINT WARNING * * *
The yak gores you but does no damage. x2
You block the yak's attack.
You feel better. The yak gores you!
* * * LOW HITPOINT WARNING * * *
The yak gores you!
* * * LOW HITPOINT WARNING * * *
The yak attacks as you move away! The yak barely misses you. The yak gores you.
* * * LOW HITPOINT WARNING * * *
You feel better. The yak gores you but does no damage. The yak misses you.
You feel better. The yak closely misses you. The yak barely misses you.
You block the yak's attack.
Blink to where?
Press: ? - help, Dir - move target
As you read the scroll of blinking, it crumbles to dust.
The yak gores you.
* * * LOW HITPOINT WARNING * * *
The yak barely misses you. You block the yak's attack.
You climb upwards.
Welcome back to the Dungeon!
There is a staircase to the Lair here.
Casting: Sandblast (safe; 1% risk of failure)
Confirm with . or Enter, or press ? or * to list all spells.
Aiming: Stone Arrow (safe; 1% risk of failure)
Press: ? - help, Shift-Dir - straight line, f - yak
Aim: a yak (87% to hit)
The stone arrow hits the yak!!
The yak is heavily wounded.
The yak completely misses you. The yak gores you!
* * * LOW HITPOINT WARNING * * *
The yak gores you.
You die...

...?.#.....#....# .#
..(..#....##....#..#
..........#.....+..#
.P.P.PP)..#.....##.#
..P.P...†........#.# .
.P.P..PP.†P..##'##.# ..
..P.P.P......#.....#
..P...####P.....#.....#
.P.. #Y@#.†.P..#.....###
..P.. #YY#..P..##.......#
...PP.#'##.P.PP........<#
.P..P.....PPPP...........
.#...PP..P.P.............
......P.P.P..............
#.#..P...P..P............
# #...........######.....
#......####># #.....


You could see 3 yaks.

Vanquished Creatures
  Harold (D:9)
  A hydra (D:8)
  A manticore (D:6)
  A cane toad (Lair:1)
  2 komodo dragons (Lair:1)
  2 tengu conjurers (D:8)
  A hornet (D:9)
  Sigmund (D:5)
  16 yaks
  2 wyverns
  6 humans (D:6)
  A steam dragon (D:8)
  4 vampire mosquitoes (D:9)
  An acid dragon (D:8)
  3 water moccasins
  4 orc warriors
  Duvessa (D:7)
  2 sky beasts
  A black bear (D:6)
  An ice beast (D:5)
  An ogre (D:5)
  A centaur (D:10)
  A phantom (D:6)
  3 kobold brigands (Sewer)
  4 necrophages
  Blork the orc (D:5)
  5 bullfrogs
  2 gnoll sergeants
  4 scorpions
  12 wights
  Dowan (D:7)
  15 killer bees
  A howler monkey (D:6)
  A gnoll shaman (D:7)
  3 hounds
  A jelly (D:6)
  4 orc priests
  Crazy Yiuf (D:5)
  An iguana (D:5)
  7 orc wizards
  Robin (D:4)
  10 adders
  12 gnolls
  5 shadow imps
  5 ufetubi
  4 dart slugs
  22 orcs
  5 bats
  6 endoplasms
  4 giant cockroaches
  8 hobgoblins
  4 jackals
  14 kobolds
  4 quokkas
  5 ball pythons
  4 frilled lizards
  11 goblins
  6 rats
251 creatures vanquished.

Vanquished Creatures (others)
  8 fungi
  3 plants
11 creatures vanquished.

Grand Total: 262 creatures vanquished

Notes
Turn   | Place    | Note
-------+----------+-------------------------------------------
     0 | D:1      | ders the Gargoyle Earth Elementalist began the quest for
                  | the Orb.
     0 | D:1      | Reached XP level 1. HP: 10/10 MP: 3/3
     3 | D:1      | Noticed an electric eel
     4 | D:1      | Noticed an electric eel
   269 | D:1      | Reached XP level 2. HP: 15/15 MP: 0/5
   840 | D:2      | Reached skill level 1 in Conjurations
   840 | D:2      | Reached skill level 4 in Earth Magic
  1041 | D:2      | Reached XP level 3. HP: 16/19 MP: 1/6
  1097 | D:2      | Learned a level 3 spell: Stone Arrow
  2222 | D:3      | Reached XP level 4. HP: 24/24 MP: 4/8
  2990 | D:4      | Noticed Robin
  3200 | D:4      | Reached XP level 5. HP: 27/28 MP: 4/9
  3434 | D:4      | Killed Robin
  3435 | D:4      | Reached skill level 5 in Earth Magic
  3997 | D:5      | Entered Level 5 of the Dungeon
  4083 | D:5      | Reached XP level 6. HP: 32/32 MP: 5/11
  4564 | D:5      | Identified a scroll of acquirement
  4564 | D:5      | Acquired 983 gold pieces
  4585 | D:5      | Reached skill level 6 in Earth Magic
  4585 | D:5      | Noticed Blork the orc
  4594 | D:5      | Killed Blork the orc
  4595 | D:5      | Reached XP level 7. HP: 36/36 MP: 1/13
  4960 | D:5      | Noticed Sigmund
  4963 | D:5      | Killed Sigmund
  4964 | D:5      | Reached skill level 5 in Spellcasting
  4964 | D:5      | Reached skill level 5 in Conjurations
  4964 | D:5      | Reached skill level 7 in Earth Magic
  4964 | D:5      | Reached XP level 8. HP: 41/41 MP: 8/15
  5084 | D:5      | Found a runed translucent door.
  5085 | D:5      | Noticed Crazy Yiuf
  5401 | D:5      | Found Mih Xogg's CLEARANCE SALE!.
  5525 | D:5      | Killed Crazy Yiuf
  5788 | D:6      | Found a glowing drain.
  5799 | Sewer    | Entered a sewer
  6070 | Sewer    | Reached skill level 8 in Earth Magic
  6466 | D:6      | Reached XP level 9. HP: 45/45 MP: 9/18
  6499 | D:6      | Noticed a manticore
  6694 | D:6      | Killed a manticore
  6695 | D:6      | Reached skill level 9 in Earth Magic
  7069 | D:5      | Learned a level 3 spell: Swiftness
  7272 | D:6      | Reached skill level 10 in Earth Magic
  7830 | D:6      | Reached XP level 10. HP: 50/50 MP: 6/21
  7981 | D:6      | Identified the amulet of Hikhan {Reflect Rampage MP+9 Str+8
                  | Dex-2 SH+5}
  8187 | D:7      | Found a staircase to the Ecumenical Temple.
  8199 | Temple   | Entered the Ecumenical Temple
  8460 | Temple   | Became a worshipper of Vehumet
  9012 | D:7      | Noticed Duvessa
  9013 | D:7      | Noticed Dowan
  9019 | D:7      | Killed Duvessa
  9022 | D:7      | Killed Dowan
  9294 | D:7      | Identified the +6 glaive "Ekhloo Xexko" {vamp, rElec rF-
                  | Will+}
  9617 | D:8      | Noticed a six-headed hydra
  9623 | D:8      | Killed a six-headed hydra
  9624 | D:8      | Reached skill level 11 in Earth Magic
 10116 | D:8      | Found a broken altar of Ashenzari.
 10390 | D:8      | Reached * piety under Vehumet
 10390 | D:8      | Offered knowledge of Foxfire by Vehumet.
 10886 | D:8      | Identified the ring of Ecer Voy {rElec rF+ rCorr}
 10956 | D:8      | Reached skill level 10 in Conjurations
 11168 | D:8      | Reached XP level 11. HP: 54/54 MP: 23/24
 11173 | D:8      | Reached skill level 12 in Earth Magic
 12029 | D:9      | Reached ** piety under Vehumet
 12029 | D:9      | Offered knowledge of Poisonous Vapours by Vehumet.
 12111 | D:9      | Noticed Harold
 12117 | D:9      | Killed Harold
 12747 | D:10     | Entered Level 10 of the Dungeon
 12887 | D:10     | Found a staircase to the Lair.
 12896 | Lair:1   | Entered Level 1 of the Lair of Beasts
 12992 | Lair:1   | Reached skill level 13 in Earth Magic
 12995 | Lair:1   | Reached skill level 10 in Spellcasting
 13144 | Lair:1   | Offered knowledge of Inner Flame by Vehumet.
 13164 | Lair:1   | HP: 1/54 [yak (4)]
 13170 | D:10     | HP: 2/54 [yak (10)]
 13170 | D:10     | Slain by a yak

Illustrated notes

Levels and vault maps discovered:
D:1:      arrival_aquarium_b, layout_loops_cross, minmay_misc_feat_roman
D:2:      layout_basic
D:3:      minmay_general_purpose_star, layout_basic
D:4:      layout_rooms, uniq_robin
D:5:      layout_loops_cross, nicolae_shop_clearance, uniq_blork_the_orc,
          uniq_sigmund, uniq_crazy_yiuf_cottage
D:6:      layout_layer_cave, portal_sewer_entry_f, minmay_ruffians
D:7:      layout_basic, minmay_temple_entry_mist, uniq_duvessa
D:8:      layout_loops_corners, evilmike_ruin_ashenzari, grunt_ministairs_1,
          corner_web_ring, corexii_checkpoint_b, eino_tiny_chamber,
          grunt_decor_clamped
D:9:      layout_rooms, uniq_harold
D:10:     layout_irregular_city, grunt_lair_entry_orc_guard_hut, serial_shops,
          nicolae_shop_hallway_plus
Temple:   mainiacjoe_temple_hex_bubbles
Lair:1:   layout_loops_ring, chequers_serial_rivers_room_a,
          grunt_forest_small_clearings, nzn_random_ring

Skill      XL: |  1  2  3  4  5  6  7  8  9 10 11 |
---------------+----------------------------------+-----
Conjurations   | 1 2 3 4 5 6 8 10 11 | 11.7
Earth Magic    | 4 5 6 7 8 10 11 13 | 13.3
Spellcasting   | 3 4 5 6 7 9 10 | 10.2
Dodging        | |  1.5
Stealth        | |  2.1
Transmutations | |  0.7

Action                   |  1- 3 |  4- 6 |  7- 9 | 10-12 || total
-------------------------+-------+-------+-------+-------++-------
Melee: Morningstar       |     2 |    15 |       |       ||    17
       Unarmed           |     1 |       |       |       ||     1
       Punch             |       |     1 |       |       ||     1
       Glaive            |       |       |       |    28 ||    28
 Cast: Sandblast         |    27 |    30 |    38 |    82 ||   177
       Stone Arrow       |     9 |    33 |    78 |   129 ||   249
       Swiftness         |       |       |       |     1 ||     1
  Use: Scroll            |       |     7 |     4 |     6 ||    17
       Potion            |       |       |     3 |     8 ||    11
Armor: Robe              |     4 |    20 |    19 |    91 ||   134
Dodge: Dodged            |     5 |    32 |    36 |   103 ||   176
Block: Other             |     3 |    20 |    12 |    48 ||    83
       Reflection        |       |     1 |     5 |     3 ||     9

Table legend: (Time is in decaauts)
 A = Elapsed time spent in this place.
 B = Non-inter-level travel time spent in this place.
 C = Inter-level travel time spent in this place.
 D = Time resting spent in this place.
 E = Time spent auto-exploring this place.
 F = Levels seen in this place.
 G = Mean time per level.
                   A        B        C        D        E       F      G
               +--------+--------+--------+--------+--------+-----+--------+
         Total |  13240 |  12669 |    571 |   2824 |   8467 |  13 | 1018.5 |
       Dungeon |  11815 |  11280 |    535 |   2468 |   7641 |  10 | 1181.5 |
        Temple |    605 |    569 |     36 |    310 |    229 |   1 |  605.0 |
          Lair |    273 |    273 |      0 |      0 |    182 |   1 |  273.0 |
         Sewer |    546 |    546 |      0 |     46 |    414 |   1 |  546.0 |
               +--------+--------+--------+--------+--------+-----+--------+

Top non-repeatable levels by time:
     D:8: 2244 daAuts
     D:5: 2004 daAuts
     D:6: 1599 daAuts
     D:3: 1231 daAuts
     D:2: 1097 daAuts
     D:9: 998 daAuts
     D:4: 899 daAuts
     D:1: 816 daAuts
     D:7: 773 daAuts
  Temple: 605 daAuts
   Sewer: 546 daAuts
  Lair:1: 273 daAuts
    D:10: 150 daAuts
